 Dungeon Crawl Stone Soup version 0.23.0 (webtiles) character file.

Game seed: 17804350037130701149

1601984 Flugkiller the Slayer (level 27, 260/427 HPs)
             Began as an Ogre Transmuter on Feb 13, 2019.
             Was the Champion of Wu Jian.
             Escaped with the Orb
             ... and 3 runes on Feb 14, 2019!
             The game lasted 03:05:08 (82981 turns).

Flugkiller the Slayer (Ogre Transmuter)            Turns: 82981, Time: 03:05:09

Health: 260/427    AC: 21    Str: 30    XL:     27
Magic:  26/32      EV: 13    Int: 20    God:    Wu Jian [******]
Gold:   5060       SH:  0    Dex: 10    Spells: 15/44 levels left

rFire    + . .     SeeInvis .     - Unarmed
rCold    . . .     Gourm    .   (shield currently unavailable)
rNeg     . . .     Faith    .   (armour currently unavailable)
rPois    +         Spirit   +   (helmet currently unavailable)
rElec    .         Reflect  .   (cloak currently unavailable)
rCorr    .         Harm     .   (gloves unavailable)
MR       +++..                  (boots unavailable)
Stlth    +.........             c - amulet of guardian spirit
HPRegen  0.81/turn              E - ring "Orosotiy" {Ice +Inv MR+ Dex+2}
MPRegen  0.23/turn              l - +5 ring of protection

@: dragon-form, flying
A: giant, unfitting armour, clumsy 2, frail 1, low mp 1, inhibited regeneration,
weak 1
0: Orb of Zot
}: 3/15 runes: decaying, slimy, gossamer
a: End Transformation, Wall Jump, Serpent's Lash, Heavenly Storm, Renounce
Religion, Breathe Fire, Evoke Invisibility


You escaped.
You worshipped Wu Jian.
Wu Jian was exalted by your worship.
You were not hungry.
You were a fearsome dragon!
You visited 12 branches of the dungeon, and saw 55 of its levels.
You also visited: Bailey, Ice Cave and Desolation.

You collected 6971 gold pieces.
You spent 1911 gold pieces at shops.

Inventory:

Missiles
 a - 1665 arrows
 J - 9 throwing nets (quivered)
Armour
 h - a +0 cloak of cold resistance (melded)
   (You found it in an ice cave)
 p - a +2 hat (melded)
   (You bought it in a shop on level 7 of the Dungeon)
 G - a +2 robe of the Archmagi (melded)
   (You took it off Dowan on level 5 of the Dungeon)
 Y - a +2 shield (melded)
   (You took it off a tengu warrior on level 15 of the Dungeon)
Magical Staves
 P - an uncursed staff of wizardry (melded)
   (You found it on level 6 of the Lair of Beasts)
Jewellery
 c - an amulet of guardian spirit (around neck)
   (You found it on level 1 of the Dungeon)
 l - a +5 ring of protection (right foreclaw)
   (You found it on level 1 of the Lair of Beasts)
 E - the ring "Orosotiy" (left foreclaw) {Ice +Inv MR+ Dex+2}
   (You found it on level 2 of the Spider Nest)

   [ring of ice]

   It enhances your ice magic.
   It affects your dexterity (+2).
   It makes you vulnerable to fire.
   It protects you from cold.
   It affects your resistance to hostile enchantments.
   It lets you turn invisible.
 F - an uncursed ring of protection from magic
   (You took it off a deep elf death mage on level 3 of the Elven Halls)
 H - an uncursed ring of see invisible
   (You found it on level 9 of the Dungeon)
 T - the ring "Imauqasy" {+Fly rC++ Str+4 Int+3 Dex-4}
   (You bought it in a shop on level 1 of the Depths)

   [ring of flight]

   It affects your strength (+4).
   It affects your intelligence (+3).
   It affects your dexterity (-4).
   It greatly protects you from cold.
   It lets you fly.
Wands
 e - a wand of clouds (2)
   (You took it off Maurice on level 9 of the Dungeon)
 s - a wand of acid (45)
   (You took it off an orc on level 9 of the Dungeon)
 y - a wand of enslavement (31)
   (You found it on level 4 of the Dungeon)
 A - a wand of digging (3)
   (You took it off Dowan on level 5 of the Dungeon)
 B - a wand of scattershot (14)
   (You found it on level 5 of the Dungeon)
 D - a wand of iceblast (67)
   (You found it on level 5 of the Dungeon)
 O - a wand of paralysis (36)
   (You found it on level 1 of the Lair of Beasts)
Scrolls
 g - 29 scrolls of remove curse
 i - 5 scrolls of immolation
 k - 15 scrolls of teleportation
 n - 8 scrolls of fog
 o - 12 scrolls of fear
 r - 4 scrolls of blinking
 t - a scroll of silence
 C - 6 scrolls of magic mapping
 K - 14 scrolls of identify
 L - 3 scrolls of holy word
 M - 3 scrolls of vulnerability
 Z - 3 scrolls of summoning
Potions
 b - 3 potions of brilliance
 f - 5 potions of flight
 j - 5 potions of mutation
 m - a potion of berserk rage
 q - 4 potions of magic
 v - 7 potions of invisibility
 w - 16 potions of curing
 x - 5 potions of lignification
 z - 6 potions of might
 I - a potion of resistance
 Q - 9 potions of heal wounds
 S - 2 potions of cancellation
 U - 8 potions of ambrosia
 V - 3 potions of haste
 W - 5 potions of agility
Miscellaneous
 N - a sack of spiders
 R - 4 boxes of beasts
 X - a phantom mirror
Comestibles
 d - 40 rations


   Skills:
 + Level 25.9 Fighting
 + Level 20.0 Dodging
 - Level 9.0 Shields
 * Level 25.2 Unarmed Combat
 - Level 9.0 Spellcasting
 - Level 9.0 Charms
 - Level 17.0 Transmutations
 - Level 7.0 Ice Magic
 - Level 9.0 Air Magic
 - Level 10.0 Earth Magic
 - Level 1.0 Poison Magic


You had 15 spell levels left.
You knew the following spells:

 Your Spells              Type           Power        Failure   Level  Hunger
a - Beastly Appendage     Tmut           ######       0%          1    None
b - Sticks to Snakes      Tmut           ######..     0%          2    None
c - Spider Form           Tmut/Pois      #####.....   1%          3    None
d - Ice Form              Ice/Tmut       ######..     1%          4    ###....
e - Statue Form           Tmut/Erth      ######...    4%          6    ######.
f - Dragon Form           Tmut           ######....   6%          7    #######
g - Deflect Missiles      Chrm/Air       #####.....   28%         6    ######.

Your spell library contained the following spells:

 Spells                   Type           Power        Failure   Level  Hunger
 Infusion                 Chrm           ####         1%          1    None
 Sandblast                Erth           #####.       1%          1    None
 Shock                    Conj/Air       ####         1%          1    None
 Passwall                 Tmut/Erth      ######..     1%          2    None
 Poisonous Vapours        Pois/Air       ####..       1%          2    None
 Shroud of Golubria       Chrm/Tloc      ####......   1%          2    None
 Song of Slaying          Chrm           #####...     1%          2    None
 Swiftness                Chrm/Air       #####...     1%          2    None
 Airstrike                Air            #####.....   1%          4    ###....
 Petrify                  Tmut/Erth      ######..     1%          4    ###....
 Blade Hands              Tmut           ######....   1%          5    #####..
 Hydra Form               Tmut           ######....   1%          6    ######.
 Ensorcelled Hibernation  Hex/Ice        ####..       2%          2    None
 Regeneration             Chrm/Necr      ####......   3%          3    None
 Spectral Weapon          Hex/Chrm       ####....     3%          3    None
 Static Discharge         Conj/Air       ####....     3%          3    None
 Stone Arrow              Conj/Erth      ####..       3%          3    None
 Lee's Rapid Deconstruct  Erth           #####.....   3%          5    #####..
 Mephitic Cloud           Conj/Pois/Air  ###.....     6%          3    None
 Irradiate                Conj/Tmut      #####.....   6%          5    #####..
 Yara's Violent Unravell  Hex/Tmut       #####.....   6%          5    #####..
 Animate Skeleton         Necr           N/A          8%          1    None
 Apportation              Tloc           #.....       8%          1    None
 Confusing Touch          Hex            #.....       8%          1    None
 Corona                   Hex            #......      8%          1    None
 Flame Tongue             Conj/Fire      #....        8%          1    None
 Magic Dart               Conj           #...         8%          1    None
 Summon Butterflies       Summ           #.......     8%          1    None
 Summon Small Mammal      Summ           #...         8%          1    None
 Leda's Liquefaction      Hex/Erth       ####......   10%         4    ###....
 Blink                    Tloc           N/A          12%         2    None
 Call Imp                 Summ           #.......     12%         2    None
 Searing Ray              Conj           #.....       12%         2    None
 Slow                     Hex            #.......     12%         2    None
 Throw Flame              Conj/Fire      #.....       12%         2    None
 Summon Lightning Spire   Summ/Air       ####....     12%         4    ###....
 Summon Ice Beast         Ice/Summ       ####....     19%         4    ###....
 Call Canine Familiar     Summ           #.......     22%         3    None
 Confuse                  Hex            #.......     22%         3    None
 Conjure Flame            Conj/Fire      #.......     22%         3    None
 Dazzling Spray           Conj/Hex       #.....       22%         3    None
 Gell's Gravitas          Tloc           #.........   22%         3    None
 Inner Flame              Hex/Fire       #.......     22%         3    None
 Portal Projectile        Hex/Tloc       #.....       22%         3    None
 Recall                   Summ/Tloc      N/A          22%         3    None
 Summon Guardian Golem    Hex/Summ       #.......     22%         3    None
 Tukima's Dance           Hex            #.......     22%         3    None
 Borgnjor's Vile Clutch   Necr/Erth      ####......   26%         5    #####..
 Iskenderun's Battlesphe  Conj/Chrm      ####....     32%         5    #####..
 Lightning Bolt           Conj/Air       ####......   32%         5    #####..
 Silence                  Hex/Air        ####......   32%         5    #####..
 Metabolic Englaciation   Hex/Ice        ####......   45%         5    #####..
 Bolt of Magma            Conj/Fire/Erth ###.......   47%         5    #####..
 Ozocubu's Refrigeration  Ice            ######....   54%         6    ######.
 Cause Fear               Hex            #.........   58%         4    ###....
 Force Lance              Conj/Tloc      #.......     58%         4    ###....
 Fulminant Prism          Conj/Hex       #.........   58%         4    ###....
 Iskenderun's Mystic Bla  Conj           #.......     58%         4    ###....
 Sticky Flame             Conj/Fire      #.......     58%         4    ###....
 Freezing Cloud           Conj/Ice/Air   #####.....   78%         6    ######.
 Iron Shot                Conj/Erth      ####......   83%         6    ######.
 Venom Bolt               Conj/Pois      ##........   86%         5    #####..
 Conjure Ball Lightning   Conj/Air       ####......   88%         6    ######.
 Aura of Abjuration       Summ           #.........   91%         5    #####..
 Fireball                 Conj/Fire      #.........   91%         5    #####..
 Summon Forest            Summ/Tloc      #.........   91%         5    #####..
 Summon Mana Viper        Hex/Summ       #.......     91%         5    #####..
 Bolt of Cold             Conj/Ice       ####......   95%         6    ######.
 Simulacrum               Ice/Necr       ####......   95%         6    ######.
 Bolt of Fire             Conj/Fire      #.........   100%        6    ######.
 Darkness                 Hex            #.........   100%        6    ######.
 Dispersal                Tloc           #.........   100%        6    ######.
 Invisibility             Hex            #.......     100%        6    ######.
 Shadow Creatures         Summ           N/A          100%        6    ######.
 Haunt                    Necr/Summ      #.........   100%        7    #######
 Malign Gateway           Summ/Tloc      #.........   100%        7    #######
 Monstrous Menagerie      Summ           #.........   100%        7    #######
 Ring of Flames           Chrm/Fire      ####......   100%        7    #######
 Summon Greater Demon     Summ           #.........   100%        7    #######
 Summon Hydra             Summ           #.........   100%        7    #######
 Borgnjor's Revivificati  Necr           #.........   100%        8    #######
 Controlled Blink         Tloc           N/A          100%        8    #######
 Death's Door             Chrm/Necr      ####......   100%        8    #######
 Discord                  Hex            #.........   100%        8    #######
 Disjunction              Tloc           #.........   100%        8    #######
 Infestation              Necr           #.........   100%        8    #######
 Necromutation            Tmut/Necr      #####.....   100%        8    #######
 Summon Horrible Things   Summ           #.........   100%        8    #######
 Dragon's Call            Summ           #.........   100%        9    #######
 Shatter                  Erth           #####.....   100%        9    #######
 Tornado                  Air            #####.....   100%        9    #######
 Passage of Golubria      Tloc           Unusable     N/A         4    N/A

Dungeon Overview and Level Annotations

Branches:
Dungeon (15/15)            Temple (1/1) D:4            Lair (6/6) D:9
  Swamp (4/4) Lair:2       Spider (4/4) Lair:4        Slime (5/5) Lair:5
    Orc (2/2) D:9             Elf (3/3) Orc:2        Vaults (4/5) D:14
  Crypt (1/3) Vaults:2     Depths (5/5) D:15            Zot (5/5) Depths:5

Altars:
Ashenzari
Cheibriados
Dithmenos
Elyvilon
Fedhas
Gozag
Hepliaklqana
Kikubaaqudgha
Makhleb
Nemelex Xobeh
Okawaru
Qazlal
Ru
Sif Muna
Trog
Uskayaw
Vehumet
Wu Jian
Xom
Yredelemnul
Zin
The Shining One
Beogh
Jiyva

Shops:
D:4 [   D:5 !   D:6 (   D:7 [   D:10 :   D:13 (   D:14 }   Orc:2 =[!}   Elf:1 :
Vaults:1 (   Vaults:4 }   Depths:1 }=}

Portals:
Hell: Depths:1 Depths:2 Depths:3 Depths:4 Depths:5
Abyss: Depths:4
Pandemonium: Depths:1 Depths:2 Depths:3
Ziggurat: Depths:4

Annotations:
D:3 1 runed translucent door, Crazy Yiuf
D:8 3 runed translucent doors, Erica; Garrluk's ghost, novice DEFE
D:14 exclusion: Roxanne, Roxanne
Spider:3 3 runed translucent doors, cada's ghost, journeyman NaVM
Elf:2 4 runed translucent doors, Hiliwumm's ghost, veteran MiGl
Depths:4 exclusions: 2 eyes of devastation, 2 floating eyes and 1 more exclusion


Innate Abilities, Weirdness & Mutations

You are too large for most types of armour.
((You have tough skin. (AC +1)))
You are very clumsy. (Dex -4)
((Armour fits poorly on your strangely shaped body.))
You are frail. (-10% HP)
Your magical capacity is low. (-10% MP)
You do not regenerate when monsters are visible.
You are weak. (Str -2)


Message History

(V) Vaults (C) Crypt (U) Depths (H) Hell (Z) Zot
Where to? (Enter - D:1 @ (x,y), ? - help)
Okay, then.
Press: ? - help, v - describe, . - travel
Here: Raroleonusch The floor.
Press: ? - help, v - describe, . - travel
Here: Raroleonusch The floor.
Casting: Dragon Form (safe; 2% risk of failure)
Confirm with . or Enter, or press ? or * to list all spells.
You feel a surge of power!
You turn into a fearsome dragon!
Your uncursed staff of wizardry melds into your body.
Your +0 cloak of cold resistance melds into your body.
Your +2 hat melds into your body.
Your +2 shield melds into your body.
Your +2 robe of the Archmagi melds into your body.
You feel less resistant to cold.
You feel strangely numb. Raroleonusch gestures at you.
You resist with almost no effort.
A soul eater comes into view.
Raroleonusch gestures.
The soul eater draws from the surrounding life force!
An Ice Fiend comes into view.
Unknown command.
The Tzitzimitl roars!
The Tzitzimitl calls on the powers of darkness!
Your body is wracked with pain!
Raroleonusch gestures.
There is a stone staircase leading up here.
You fly upwards.
There is a stone staircase leading down here.
(D) Dungeon (T) Temple (L) Lair (S) Swamp (N) Spider Nest (M) Slime Pits (O) Orcish Mines (E) Elven Halls (V) Vaults (C) Crypt (U) Depths (H) Hell (Z) Zot
Where to? (Enter - D:1 @ (x,y), ? - help) All of the chunks of flesh in your inventory have rotted away.
There is an open door here.
There is a staircase leading out of the dungeon here.
Unknown command.
What are your orders? t - Roar!
Orders for allies: a - Attack new target. r - Retreat! s - Stop attacking. g - Guard the area. f - Follow me.
Anything else - Cancel.
You roar for attention!
Enter note: gg You have escaped!

#######
#..D..#
#.....#
#..8..#
###
#.....#
##.##
#.....#
#....
###'###
##.## #.#
#.# #.#
###.# #.#
####.#.##


There were no monsters in sight!

Vanquished Creatures
  the Royal Jelly (Slime:5)
  A pandemonium lord (D:11)
  2 ancient liches (Zot:5)
  2 orbs of fire (Zot:5)
  Mara (Vaults:3)
  Mennas (Vaults:4)
  2 juggernauts (Depths:4)
  Boris (4 times) (Vaults:3 Vaults:4 Depths:3 Crypt:1)
  the Lernaean hydra (Swamp:4)
  Bai Suzhen (Crypt:1)
  7 Killer Klowns (Zot:5)
  Frederick (Crypt:1)
  Margery (Depths:1)
  A curse toe (Zot:3)
  11 golden dragons
  A profane servitor (D:8)
  Nikola (Orc:2)
  Arachne (Spider:2)
  7 liches
  3 electric golems
  Jorgrun (Swamp:1)
  An Ice Fiend (IceCv)
  20 tentacled monstrosities
  A Hell Sentinel (Depths:3)
  26 Orb Guardians
  2 deep elf blademasters (Elf:3)
  24 acid blobs
  3 deep elf master archers
  6 death cobs
  2 Executioners
  3 thorn hunters
  A quicksilver dragon (Zot:2)
  2 sphinxes
  12 shadow dragons
  Agnes (Spider:2)
  3 draconian monks
  23 azure jellies
  Donald (Orc:2)
  10 storm dragons
  A tengu reaver (Depths:4)
  4 draconian knights
  17 frost giants
  17 fire giants
  14 vault wardens
  A revenant (Crypt:1)
  A balrug (D:8)
  3 draconian scorchers
  Aizul (Crypt:1)
  6 deep elf sorcerers
  Louise (Depths:4)
  7 emperor scorpions
  2 iron dragons
  3 ghost moths
  A curse skull (Crypt:1)
  3 draconian stormcallers
  2 ghouls
  6 deep elf elementalists
  2 juggernaut zombies (Depths:5)
  28 very ugly things
  11 ironheart preservers
  4 draconian annihilators
  3 spriggan defenders
  4 draconian shifters
  17 stone giants
  2 deep elf demonologists (Elf:3)
  Nessos (Orc:2)
  8 vampire knights
  4 entropy weavers
  7 green draconians
  The ghost of Odimp the Protected, a journeyman KoWn of Wu Jian (Lair:4)
  8 black draconians
  6 purple draconians
  3 deep elf annihilators
  10 white draconians
  6 red draconians
  A lorocyproca (D:11)
  9 yellow draconians
  The ghost of endorz the Grappler, a journeyman TrFi of Okawaru (Lair:6)
  6 spark wasps
  2 eidola (Crypt:1)
  10 deep elf death magi
  12 ettins
  14 death oozes
  17 fire dragons
  3 deep elf high priests
  2 ragged hierophants (Desolation)
  2 jiangshi (Crypt:1)
  A servant of whispers (Desolation)
  17 hydras
  13 yaktaur captains
  Erolcha (D:13)
  18 great orbs of eyes
  Harold (D:7)
  A hydra (shapeshifter) (Depths:4)
  16 vault guards
  4 rakshasas
  11 ice dragons
  3 shambling mangroves
  A ghost crab (Swamp:2)
  6 death yaks
  A peacekeeper (Desolation)
  5 catoblepae (Lair:6)
  32 two-headed ogres
  A death knight (Vaults:1)
  10 spriggan air magi
  12 dancing weapons
  10 ogre magi
  6 deep troll shamans
  6 tengu warriors
  An alligator (shapeshifter) (Depths:5)
  14 alligators
  14 centaur warriors
  8 vampire magi
  4 deep troll earth magi
  2 spriggan berserkers
  The ghost of lenfi the Blocker, a novice NaVM of Cheibriados (Lair:1)
  19 deep elf knights
  Sonja (Lair:1)
  A soul eater (D:11)
  21 hell knights
  A spark wasp zombie (Depths:5)
  3 unseen horrors
  2 gelid demonspawn (D:8)
  A shadow wraith (Vaults:2)
  2 flayed ghosts
  12 deep trolls
  11 deep elf archers
  A glowing orange brain (Depths:5)
  7 wizards
  20 ironbrand convokers
  2 phantasmal warriors (Crypt:1)
  7 necromancers
  13 swamp dragons
  A golden dragon skeleton (Crypt:1)
  A wolf spider zombie (D:15)
  43 ugly things
  5 manticores
  32 wolf spiders
  15 orb spiders
  A faun (shapeshifter) (Vaults:3)
  8 shining eyes
  79 deep elf magi
  22 orc knights
  An orc sorcerer (Orc:2)
  11 cyclopes
  9 elephants
  23 moths of wrath
  An ice statue (IceCv)
  17 vault sentinels
  Maurice (D:9)
  2 rust devils
  An elephant (shapeshifter) (Depths:3)
  6 eyes of devastation
  A black mamba (shapeshifter) (Vaults:4)
  4 black mambas
  3 gargoyles
  A spiny frog (shapeshifter) (Vaults:4)
  2 torpor snails (Spider:2)
  11 spiny frogs
  6 rime drakes
  A pale draconian zombie (Crypt:1)
  4 komodo dragons
  58 yaktaurs
  11 freezing wraiths
  7 demonic crawlers
  7 anaconda simulacra
  A komodo dragon (shapeshifter) (Depths:5)
  4 ice devils (IceCv)
  2 tengu conjurers
  A minotaur zombie (Crypt:1)
  32 jumping spiders
  A human skeleton (Vaults:2)
  A merfolk (shapeshifter) (Depths:2)
  6 trolls
  15 saltlings
  2 large abominations (Depths:1)
  10 tyrant leeches
  A polar bear (Lair:6)
  2 wolf spider simulacra
  Prince Ribbit (D:6)
  2 jumping spiders (shapeshifter)
  2 hornets (shapeshifter)
  A slime creature (shapeshifter) (Depths:2)
  27 hornets
  128 slime creatures
  6 bog bodies
  A dream sheep (shapeshifter) (Vaults:3)
  8 blink frogs
  6 dream sheep (Lair:4)
  3 wind drakes (shapeshifter)
  13 hippogriffs
  A flying skull (Vaults:2)
  82 redbacks
  2 air elementals
  4 fire elementals
  26 tarantellas
  3 spriggans
  5 dire elephant simulacra
  7 water elementals
  8 shadows
  3 wraiths
  9 basilisks
  A yak (shapeshifter) (Vaults:2)
  A vampire (D:15)
  12 golden eyes
  A hog (shapeshifter) (Vaults:3)
  A human simulacrum (Vaults:2)
  10 wyverns
  A basilisk (shapeshifter) (Vaults:3)
  3 steam dragons
  46 yaks
  Eustachio (D:6)
  24 vampire mosquitoes
  2 hungry ghosts
  A faun zombie (Crypt:1)
  13 insubstantial wisps
  An iron troll simulacrum (IceCv)
  10 wargs
  A soldier ant (shapeshifter) (Depths:4)
  12 swamp worms
  2 harpy simulacra (IceCv)
  An acid dragon (shapeshifter) (Depths:4)
  3 acid dragons (Vaults:2)
  2 soldier ants
  10 water moccasins
  Duvessa (D:5)
  2 hell hounds (Lair:6)
  2 hydra simulacra (IceCv)
  12 porcupines
  17 swamp drakes
  48 orc warriors
  5 ice beasts
  3 sky beasts
  3 black bears (shapeshifter)
  An ice beast (shapeshifter) (Depths:5)
  A lindwurm zombie (Crypt:1)
  5 boggarts
  5 black bears
  8 eyes of draining
  28 ogres
  2 phantoms
  3 necrophages
  4 wolves (Lair:5)
  23 centaurs
  13 crocodiles
  2 big kobolds
  6 earth elementals
  18 bullfrogs
  2 human zombies (Vaults:2)
  8 scorpions
  Dowan (D:5)
  2 wyvern skeletons
  4 killer bees (D:8)
  3 electric eels
  26 wights
  5 howler monkeys
  3 crimson imps
  5 jellies
  A quasit (D:10)
  6 centaur zombies
  A draconian simulacrum (IceCv)
  14 orc priests
  5 centaur skeletons
  11 hounds
  20 orc wizards
  3 bullfrog skeletons
  A gnoll shaman (D:6)
  3 iguanas
  A porcupine zombie (Crypt:1)
  Ijyb (D:3)
  12 worker ants
  8 troll simulacra (IceCv)
  A polar bear simulacrum (IceCv)
  A killer bee zombie (D:9)
  4 wolf simulacra (IceCv)
  A bullfrog simulacrum (D:11)
  3 centaur simulacra (IceCv)
  A hound zombie (D:8)
  2 hound skeletons
  A worker ant zombie (D:8)
  8 gnolls
  10 adders
  4 naga simulacra (IceCv)
  An ogre simulacrum (IceCv)
  4 shadow imps
  5 white imps (IceCv)
  6 ufetubi (IceCv)
  A halfling zombie (Crypt:1)
  An adder skeleton (D:9)
  An adder zombie (D:8)
  2 worms
  2 dart slugs (D:3)
  8 leopard geckos
  129 orcs
  5 bats
  9 giant cockroaches
  6 goblins
  5 hobgoblins
  14 jackals
  17 kobolds
  6 quokkas
  8 frilled lizards
  A jackal skeleton (D:5)
  A leopard gecko skeleton (D:5)
  5 rats
  A briar patch (Swamp:3)
  A bush (D:7)
  A plant (D:2)
2444 creatures vanquished.

Vanquished Creatures (collateral kills)
  A dart slug (D:2)
  A giant cockroach (D:2)
  A kobold (D:2)
3 creatures vanquished.

Vanquished Creatures (others)
  A wizard (Depths:5)
  A jumping spider (Spider:3)
  A bog body (Swamp:2)
  A redback (Spider:1)
  A tarantella (Spider:1)
  A swamp drake (Swamp:3)
  A white imp (IceCv)
  An ufetubus (IceCv)
  2 ball lightnings (Zot:5)
  An orc (D:3)
  2 briar patches
  11 fungi
  6 plants (Lair:6)
  6 toadstools (Swamp:2)
36 creatures vanquished.

Grand Total: 2483 creatures vanquished

Notes
Turn   | Place    | Note
-------+----------+-------------------------------------------
     0 | D:1      | Flugkiller the Ogre Transmuter began the quest for the Orb.
     0 | D:1      | Reached XP level 1. HP: 19/19 MP: 3/3
   377 | D:1      | Reached XP level 2. HP: 16/28 MP: 5/5
   558 | D:1      | Learned a level 2 spell: Sticks to Snakes
   580 | D:1      | You fall through a shaft!
   982 | D:2      | Reached XP level 3. HP: 32/37 MP: 4/6
  1153 | D:2      | Learned a level 3 spell: Spider Form
  1800 | D:3      | Reached skill level 1 in Poison Magic
  1818 | D:3      | Reached XP level 4. HP: 37/45 MP: 5/7
  2016 | D:3      | Noticed Ijyb
  2028 | D:3      | Killed Ijyb
  2281 | D:3      | Reached XP level 5. HP: 52/53 MP: 5/8
  2702 | D:3      | Found a runed translucent door.
  2703 | D:3      | Noticed Crazy Yiuf
  3081 | D:4      | Found a staircase to the Ecumenical Temple.
  3266 | D:4      | Reached XP level 6. HP: 62/62 MP: 5/9
  3405 | Temple   | Entered the Ecumenical Temple
  3605 | Temple   | Became a worshipper of the Wu Jian Council
  3770 | D:4      | Found a sacrificial altar of Ru.
  3782 | D:4      | Reached skill level 5 in Fighting
  3818 | D:4      | Found Oxae's Armour Boutique.
  3996 | D:4      | Reached XP level 7. HP: 51/72 MP: 10/10
  4285 | D:5      | Entered Level 5 of the Dungeon
  4917 | D:5      | Found Cicluys's Distillery.
  4945 | D:5      | Bought a potion of curing for 42 gold pieces
  4974 | D:5      | Learned a level 4 spell: Ice Form
  5325 | D:5      | Reached skill level 1 in Ice Magic
  5546 | D:6      | Reached XP level 8. HP: 67/83 MP: 6/13
  5624 | D:6      | Noticed Prince Ribbit
  5645 | D:6      | Killed Prince Ribbit
  5794 | D:6      | Found Walo's Antique Weapon Emporium.
  5904 | D:6      | Found a sparkling altar of Nemelex Xobeh.
  5949 | D:6      | Noticed Eustachio
  5981 | D:6      | Reached * piety under Wu Jian
  6019 | D:6      | Killed Eustachio
  6358 | D:6      | Reached skill level 5 in Spellcasting
  6561 | D:6      | Reached skill level 5 in Transmutations
  6675 | D:6      | Found a glowing silver altar of Zin.
  6676 | D:6      | Found an opulent altar of Gozag.
  6734 | D:6      | Noticed Duvessa
  6841 | D:6      | Noticed Dowan
  7011 | D:5      | Killed Dowan
  7012 | D:5      | Killed Duvessa
  7012 | D:5      | Reached XP level 9. HP: 48/89 MP: 13/16
  7898 | D:7      | Reached skill level 5 in Ice Magic
  8082 | D:7      | Found Ochiucer's Antique Armour Boutique.
  8157 | D:7      | Noticed Harold
  8179 | D:7      | Killed Harold
  9225 | D:8      | Reached skill level 5 in Unarmed Combat
  9328 | D:8      | Noticed Erica
  9454 | D:8      | Found a deep blue altar of Sif Muna.
  9491 | D:8      | Reached ** piety under Wu Jian
  9530 | D:8      | Reached XP level 10. HP: 100/100 MP: 12/17
  9560 | D:8      | Found a runed translucent gate.
  9633 | D:8      | Reached skill level 5 in Dodging
 10326 | D:8      | Found a runed translucent gate.
 10327 | D:8      | Found a runed translucent gate.
 10328 | D:8      | Noticed Garrluk's ghost (novice DEFE)
 10523 | D:9      | Found a flagged portal.
 10547 | Bailey   | Entered a bailey
 10947 | D:9      | Noticed an elephant
 10963 | D:9      | Killed an elephant
 11310 | D:9      | Found a staircase to the Lair.
 11500 | D:9      | Reached *** piety under Wu Jian
 11706 | D:9      | Reached XP level 11. HP: 115/115 MP: 18/18
 11835 | D:9      | Found a staircase to the Orcish Mines.
 11939 | D:10     | Entered Level 10 of the Dungeon
 12035 | D:10     | Reached skill level 10 in Fighting
 12092 | D:10     | Found Repuescho's Book Boutique.
 12281 | D:10     | Noticed Maurice
 12568 | D:9      | Killed Maurice
 12772 | D:10     | Reached **** piety under Wu Jian
 13010 | Lair:1   | Entered Level 1 of the Lair of Beasts
 13193 | Lair:1   | Noticed a six-headed hydra
 13203 | Lair:1   | Killed a six-headed hydra
 13417 | Lair:1   | Noticed a moth of wrath
 13420 | Lair:1   | Noticed a death yak
 13420 | Lair:1   | Noticed lenfi's ghost (novice NaVM)
 13444 | Lair:1   | Found a transporter.
 13453 | Lair:1   | Found a transporter.
 13776 | Lair:1   | Noticed Sonja
 13780 | Lair:1   | Killed Sonja
 14096 | Lair:2   | Reached XP level 12. HP: 130/130 MP: 16/19
 15341 | Lair:2   | Found a staircase to the Swamp.
 16184 | Lair:4   | Noticed Odimp's ghost (journeyman KoWn)
 16194 | Lair:4   | Found a runed translucent door.
 16196 | Lair:4   | Noticed a five-headed hydra
 16220 | Lair:4   | Killed a five-headed hydra
 16220 | Lair:4   | Reached skill level 10 in Unarmed Combat
 16493 | Lair:4   | Found a hole to the Spider Nest.
 16542 | Lair:4   | Learned a level 6 spell: Statue Form
 16679 | Lair:4   | Reached skill level 10 in Dodging
 16865 | Lair:4   | Reached skill level 1 in Earth Magic
 18024 | Lair:5   | Noticed an eight-headed hydra
 18033 | Lair:5   | Killed an eight-headed hydra
 18033 | Lair:5   | Reached XP level 13. HP: 48/137 MP: 20/20
 18453 | Lair:5   | Reached skill level 5 in Earth Magic
 18649 | Lair:5   | Found a viscous altar of Jiyva.
 18649 | Lair:5   | Found a staircase to the Slime Pits.
 19003 | Lair:6   | Entered Level 6 of the Lair of Beasts
 19081 | Lair:6   | Reached ***** piety under Wu Jian
 19344 | Lair:6   | Found a runed translucent door.
 19345 | Lair:6   | Found a shimmering altar of Xom.
 19345 | Lair:6   | Noticed endorz's ghost (journeyman TrFi)
 20412 | Lair:6   | Reached skill level 10 in Transmutations
 20989 | Lair:6   | Reached XP level 14. HP: 146/146 MP: 19/21
 21993 | Lair:6   | Found the +8 mithril axe "Arga" {speed, MR+}
 23065 | D:12     | Reached ****** piety under Wu Jian
 24085 | D:12     | Reached skill level 10 in Earth Magic
 24228 | D:13     | Found Rajyxen's Weapon Shop.
 24622 | D:13     | Noticed Erolcha
 24627 | D:13     | Killed Erolcha
 25314 | D:13     | Reached XP level 15. HP: 136/153 MP: 21/26
 25547 | D:14     | Found Husiecy's Gadget Emporium.
 25755 | D:14     | Noticed Roxanne
 26929 | D:14     | Found a gate to the Vaults.
 27238 | D:15     | Entered Level 15 of the Dungeon
 28115 | D:15     | Found a staircase to the Depths.
 28659 | Orc:1    | Entered Level 1 of the Orcish Mines
 28730 | Orc:1    | Reached skill level 1 in Shields
 29127 | Orc:2    | Entered Level 2 of the Orcish Mines
 29365 | Orc:2    | Noticed Nessos
 29390 | Orc:2    | Killed Nessos
 29484 | Orc:2    | Found a staircase to the Elven Halls.
 29728 | Orc:2    | Found Maosiqeo's Distillery.
 29755 | Orc:2    | Reached XP level 16. HP: 162/165 MP: 29/29
 29779 | Orc:2    | Found Oqemieme's Gadget Shoppe.
 30004 | Orc:2    | Noticed Donald
 30015 | Orc:2    | Killed Donald
 30329 | Orc:2    | Found a roughly hewn altar of Beogh.
 30360 | Orc:2    | Found Hirrav's Armour Shoppe.
 30385 | Orc:2    | Found Tihyfaunt's Jewellery Shop.
 30929 | Spider:1 | Entered Level 1 of the Spider Nest
 31221 | Lair:4   | HP: 8/167 [poisoned by a redback]
 31226 | Lair:4   | HP: 8/167 [poisoned by a redback]
 32318 | Spider:1 | You fall through a shaft!
 32331 | Spider:2 | Noticed Agnes
 32367 | Spider:2 | Killed Agnes
 33028 | Spider:2 | Noticed Arachne
 33292 | Spider:2 | Killed Arachne
 33292 | Spider:2 | Reached skill level 5 in Shields
 33360 | Spider:2 | Got a scintillating iron ring
 33361 | Spider:2 | Identified the ring "Orosotiy" {Ice +Inv MR+ Dex+2} (You
                  | found it on level 2 of the Spider Nest)
 34622 | D:10     | Bought a book of Transfigurations for 880 gold pieces
 34630 | D:10     | Learned a level 7 spell: Dragon Form
 35933 | Spider:3 | Reached XP level 17. HP: 176/176 MP: 27/30
 36314 | Spider:3 | Found a runed translucent gate.
 36366 | Spider:3 | Found a runed translucent gate.
 36367 | Spider:3 | Found a runed translucent gate.
 36369 | Spider:3 | Noticed cada's ghost (journeyman NaVM)
 36839 | Spider:4 | Entered Level 4 of the Spider Nest
 37719 | Spider:4 | Got a steaming flail
 37722 | Spider:4 | Identified the +8 flail "Acarinebane" {venom, rPois rC+}
                  | (You found it on level 4 of the Spider Nest)
 38596 | Spider:4 | Reached skill level 15 in Transmutations
 38761 | Spider:4 | Got a gossamer rune of Zot
 39034 | Swamp:1  | Entered Level 1 of the Swamp
 39152 | Swamp:1  | Noticed Jorgrun
 39160 | Swamp:1  | Killed Jorgrun
 40064 | Swamp:2  | Reached XP level 18. HP: 188/188 MP: 24/31
 41599 | Swamp:4  | Entered Level 4 of the Swamp
 41995 | Swamp:4  | Noticed the 27-headed Lernaean hydra
 42635 | Swamp:4  | Killed the 27-headed Lernaean hydra
 42915 | Swamp:4  | Got a decaying rune of Zot
 43119 | Swamp:4  | Reached skill level 15 in Fighting
 43986 | Vaults:1 | Entered Level 1 of the Vaults
 44376 | Vaults:1 | Gained mutation: You do not regenerate when monsters are
                  | visible. [miscasting Dragon Form]
 44376 | Vaults:1 | Gained mutation: Your magical capacity is low. (-10% MP)
                  | [miscasting Dragon Form]
 44406 | Vaults:1 | Reached XP level 19. HP: 195/201 MP: 15/28
 45281 | Vaults:1 | Found Gialegedgh's Weapon Shoppe.
 45335 | Vaults:1 | Noticed a lich
 45340 | Vaults:1 | Killed a lich
 45800 | Lair:1   | Killed lenfi's ghost
 45811 | Lair:1   | Got a fine copper ring
 45812 | Lair:1   | Identified the cursed ring "Naceqilo" {*Corrode +Inv rF+++
                  | AC-5 Int-4} (You found it on level 1 of the Lair of Beasts)
 45949 | Lair:4   | Killed Odimp's ghost
 45961 | Lair:4   | Reached XP level 20. HP: 213/213 MP: 29/29
 46043 | Lair:6   | Killed endorz's ghost
 46316 | Elf:1    | Entered Level 1 of the Elven Halls
 46316 | Elf:1    | Noticed Nikola
 46332 | Orc:2    | Killed Nikola
 46332 | Orc:2    | Reached skill level 15 in Unarmed Combat
 46372 | Elf:1    | Found Ehokibar's Book Boutique.
 46387 | Elf:1    | Found a ruined gateway.
 46636 | Desolati | Entered the Desolation of Salt
 46919 | Elf:1    | Found a frozen archway.
 46936 | Elf:1    | Found an ancient bone altar of Kikubaaqudgha.
 46946 | IceCv    | Entered an ice cave
 48458 | Elf:1    | Identified Surirow's Tome of Attacks and Calling
 49000 | Elf:2    | Found a runed translucent door.
 49107 | Elf:2    | Found a runed translucent gate.
 49107 | Elf:2    | Found a runed translucent gate.
 49109 | Elf:2    | Found a runed translucent gate.
 49298 | Elf:2    | Noticed Hiliwumm's ghost (veteran MiGl)
 49381 | Elf:3    | Entered Level 3 of the Elven Halls
 49385 | Elf:3    | Reached XP level 21. HP: 224/224 MP: 23/30
 50855 | Elf:3    | Identified the amulet "Agenguc" {Faith Dex+5 Slay+2}
 50932 | Elf:3    | Identified the +6 mace of Terra Cotta {freeze, +Blink
                  | rElec}
 50945 | Elf:3    | Identified the cursed ring "Neunwaev" {rPois Str-3 Int+2
                  | Dex-3}
 51089 | Elf:3    | Identified the +3 scimitar "Iwnir" {flame, rN+}
 51089 | Elf:3    | Identified a ring of the Octopus King {rCorr AC+1 EV+1
                  | Str+1 Int+1 Dex+1}
 51090 | Elf:3    | Identified the +6 flail of Zoozuipe {crush, +Inv rF+
                  | Stlth+}
 51927 | Elf:3    | Identified the +5 long sword of Defilement {freeze, Str+5}
 51966 | Elf:3    | Identified the +6 hunting sling of Interdependent Arising
                  | {flame, MP+9} (You found it on level 3 of the Elven Halls)
 52068 | Elf:3    | Identified the Papyrus of Supportive Confrontation
 52073 | Elf:3    | Identified the Grimoire of the Quantum Oath
 52079 | Elf:3    | Identified the Incunabulum of the Tick
 52085 | Elf:3    | Identified the cursed +2 whip "Lukin" {speed, rPois Stlth+}
                  | (You found it on level 3 of the Elven Halls)
 52761 | Elf:3    | Identified the Disquisition on the Entourage
 53219 | Vaults:2 | Found a staircase to the Crypt.
 53329 | Vaults:2 | Reached XP level 22. HP: 158/240 MP: 21/31
 54954 | Vaults:3 | Noticed Mara
 54972 | Vaults:3 | Killed Mara
 54972 | Vaults:3 | Reached skill level 15 in Dodging
 56358 | Vaults:3 | Noticed Boris
 56368 | Vaults:3 | Killed Boris
 56437 | Vaults:3 | Reached XP level 23. HP: 212/253 MP: 27/32
 57577 | Vaults:4 | Noticed Mennas
 57589 | Vaults:4 | Killed Mennas
 57843 | Vaults:4 | Noticed Boris
 57858 | Vaults:4 | Killed Boris
 57902 | Vaults:4 | Found a glowing silver altar of Zin.
 58027 | Vaults:4 | Found Wejiynat's Gadget Boutique.
 58955 | Depths:1 | Entered Level 1 of the Depths
 59095 | Depths:1 | Found a sparkling altar of Nemelex Xobeh.
 59455 | Depths:1 | Found a one-way gate leading to the halls of Pandemonium.
 59586 | Depths:1 | Found a gateway to Hell.
 59586 | Depths:1 | Noticed Margery
 59597 | Depths:1 | Killed Margery
 59686 | Depths:1 | Reached XP level 24. HP: 267/267 MP: 19/32
 59997 | Depths:1 | Found Pocil's Jewellery Boutique.
 59999 | Depths:1 | Found Wiumentuh's Gadget Shoppe.
 59999 | Depths:1 | Found Soduc's Gadget Shoppe.
 61720 | Depths:1 | Bought the ring "Imauqasy" {+Fly rC++ Str+4 Int+3 Dex-4}
                  | for 821 gold pieces
 62967 | Depths:3 | Identified the cursed +1 robe "Muarics" {rElec rCorr Dex+4}
                  | (You found it on level 3 of the Depths)
 63077 | Depths:3 | Learned a level 6 spell: Deflect Missiles
 63428 | D:7      | Bought a glowing hat for 168 gold pieces
 64048 | Depths:3 | Reached skill level 1 in Charms
 64048 | Depths:3 | Reached skill level 1 in Air Magic
 64079 | Depths:3 | Noticed Boris
 64098 | Depths:3 | Killed Boris
 64409 | Depths:4 | Found a gateway to a ziggurat.
 64421 | Depths:4 | Reached XP level 25. HP: 282/282 MP: 25/32
 64424 | Depths:4 | Identified the +11 flail of Tunukk {crush, Str+2 Dex+3}
 64549 | Depths:4 | Noticed a juggernaut
 64550 | Depths:4 | Noticed a juggernaut
 64554 | Depths:4 | Killed a juggernaut
 64559 | Depths:4 | Killed a juggernaut
 64560 | Depths:4 | Reached skill level 5 in Air Magic
 64563 | Depths:4 | Reached skill level 5 in Charms
 64867 | Depths:4 | Identified the Incunabulum of Clay and Poisoning
 64930 | Depths:4 | Noticed Louise
 64931 | Depths:4 | Found a one-way gate to the infinite horrors of the Abyss.
 64937 | Depths:4 | Killed Louise
 65522 | Depths:5 | Entered Level 5 of the Depths
 66516 | Depths:5 | Identified the ring "Qim Vouf" {Wiz +Inv Int+2}
 66606 | Depths:5 | Reached XP level 26. HP: 192/291 MP: 15/32
 67125 | Depths:5 | Found a gate to the Realm of Zot.
 68391 | Slime:1  | Entered Level 1 of the Pits of Slime
 68513 | Slime:1  | Gained mutation: You are weak. (Str -2) [a shining eye]
 68623 | Slime:1  | Gained mutation: You are clumsy. (Dex -2) [a shining eye]
 68628 | Slime:1  | Gained mutation: You are very clumsy. (Dex -4) [a shining
                  | eye]
 69581 | Slime:1  | Gained mutation: Armour fits poorly on your strangely
                  | shaped body. [a shining eye]
 71342 | Slime:5  | Entered Level 5 of the Pits of Slime
 71845 | Slime:5  | Noticed the Royal Jelly
 72820 | Slime:5  | Killed the Royal Jelly
 73131 | Slime:5  | Reached XP level 27. HP: 301/301 MP: 21/32
 73158 | Slime:5  | Got a slimy rune of Zot
 73163 | Slime:5  | Identified the cursed ring "Xaxulesu" {+Blink rN+ Dex-2}
                  | (You found it on level 5 of the Pits of Slime)
 73209 | Slime:5  | Identified the +9 hand crossbow "Immyir Jirusm" {velocity,
                  | rElec rC++ rN+++ Stlth-} (You found it on level 5 of the
                  | Pits of Slime)
 73219 | Slime:5  | Identified the cursed +0 cloak of Gusoro {rElec Str-3
                  | Dex+3} (You found it on level 5 of the Pits of Slime)
 73273 | Slime:5  | Identified the +5 hunting sling of the Eternal Warrior
                  | {velocity, Dex+4 Stlth+} (You found it on level 5 of the
                  | Pits of Slime)
 73286 | Slime:5  | Identified the cursed +1 falchion "Grim Tooth" {slice, MR+}
                  | (You found it on level 5 of the Pits of Slime)
 73361 | Slime:5  | Identified the +9 dagger of Gallantry {pierce, rElec rPois
                  | rC- Dex+3} (You found it on level 5 of the Pits of Slime)
 74062 | Zot:1    | Entered Level 1 of the Realm of Zot
 78470 | Zot:4    | Identified the +3 glaive of Hiufyr {chop, *Rage MR+ Dex+5}
                  | (You found it on level 4 of the Realm of Zot)
 78718 | Zot:5    | Entered Level 5 of the Realm of Zot
 79230 | Crypt:1  | Entered Level 1 of the Crypt
 79382 | Crypt:1  | Noticed Bai Suzhen
 79388 | Crypt:1  | Killed Bai Suzhen
 79416 | Crypt:1  | Noticed Aizul
 79428 | Crypt:1  | Killed Aizul
 79483 | Crypt:1  | Noticed Boris
 79492 | Crypt:1  | Killed Boris
 79548 | Crypt:1  | Noticed Frederick
 79559 | Crypt:1  | Killed Frederick
 80582 | Zot:5    | Noticed an ancient lich
 80598 | Zot:5    | Killed an ancient lich
 81083 | Zot:5    | Noticed an orb of fire
 81087 | Zot:5    | Gained mutation: You are frail. (-10% HP) [an orb of fire]
 81093 | Zot:5    | Killed an orb of fire
 81511 | Zot:5    | Noticed an orb of fire
 81516 | Zot:5    | Killed an orb of fire
 81694 | Zot:5    | Noticed an ancient lich
 81699 | Zot:5    | Killed an ancient lich
 82283 | Zot:5    | Got the Orb of Zot
 82664 | D:11     | Noticed Ahon the pandemonium lord
 82669 | D:11     | Killed Ahon the pandemonium lord
 82922 | D:2      | Noticed Raroleonusch the pandemonium lord
 82980 | D:1      | gg
 82981 | D:$      | Escaped with the Orb!

Skill      XL: |  1  2  3  4  5  6  7  8  9 10 11 12 13 14 15 16 17 18 19 20 21 22 23 24 25 26 27 |
---------------+----------------------------------------------------------------------------------+-----
Fighting       | 2 3 4 5 6 9 11 12 13 15 16 18 19 20 22 25 | 25.9
Unarmed Combat | 3 4 5 7 9 10 11 12 14 15 17 18 20 21 25 | 25.2
Transmutations | 2 3 5 6 7 10 12 13 15 17 | 17.0
Poison Magic   | 1 |  1.0
Dodging        | 2 3 4 6 8 10 11 12 13 14 15 16 17 20 | 20.0
Ice Magic      | 1 4 7 |  7.0
Spellcasting   | 3 5 7 9 |  9.0
Earth Magic    | 4 8 10 | 10.0
Shields        | 2 6 9 |  9.0
Charms         | 3 9 |  9.0
Air Magic      | 3 9 |  9.0

Action                   |  1- 3 |  4- 6 |  7- 9 | 10-12 | 13-15 | 16-18 | 19-21 | 22-24 | 25-27 || total
-------------------------+-------+-------+-------+-------+-------+-------+-------+-------+-------++-------
Melee: Unarmed           |   172 |   133 |   346 |   570 |  1268 |  1253 |   788 |   990 |  1200 ||  6720
       Kick              |     4 |       |       |       |       |       |       |       |       ||     4
       Headbutt          |     8 |     5 |       |       |       |       |       |       |       ||    13
       Punch             |       |     1 |       |     2 |    14 |    46 |    14 |    72 |   123 ||   272
       Tailslap          |       |       |       |       |       |    45 |    45 |   129 |   182 ||   401
       Bite              |       |       |       |       |       |    36 |    23 |    83 |   128 ||   270
       Staff             |       |       |       |       |       |     8 |       |       |    21 ||    29
Throw: Throwing net      |       |       |       |       |       |       |       |       |     1 ||     1
 Cast: Beastly Appendage |    20 |     3 |       |       |       |       |     3 |       |       ||    26
       Sticks to Snakes  |     2 |       |     2 |       |       |       |       |       |       ||     4
       Spider Form       |     1 |    17 |    39 |     4 |       |       |       |       |       ||    61
       Ice Form          |       |       |     7 |    56 |    57 |     1 |       |       |       ||   121
       Statue Form       |       |       |       |       |    30 |    61 |    38 |     8 |     1 ||   138
       Dragon Form       |       |       |       |       |       |    33 |    21 |    45 |   107 ||   206
       Deflect Missiles  |       |       |       |       |       |       |       |       |     6 ||     6
Invok: Lunge             |       |     3 |    29 |    78 |   108 |    65 |    56 |    92 |   127 ||   558
       Whirlwind         |       |       |    23 |    85 |   140 |    96 |    28 |    20 |    76 ||   468
       Serpent's Lash    |       |       |       |     1 |     3 |     7 |     3 |     1 |    10 ||    25
       Heavenly Storm    |       |       |       |       |       |       |     2 |     2 |     3 ||     7
 Abil: End Transformatio |       |       |     1 |     1 |     2 |     1 |     4 |     1 |     3 ||    13
       Wall Jump         |       |       |       |     1 |     2 |    19 |     9 |     4 |    34 ||    69
Evoke: Wand              |       |       |     1 |     7 |     4 |     4 |     1 |       |     2 ||    19
  Use: Scroll            |    10 |     1 |     2 |    11 |     9 |    13 |     7 |     3 |    19 ||    75
       Potion            |       |       |     3 |     2 |       |     5 |     2 |     1 |     3 ||    16
 Stab: Sleeping          |       |       |     2 |     1 |     5 |       |       |       |     1 ||     9
       Distracted        |       |       |       |       |     1 |     1 |       |     1 |       ||     3
       Confused          |       |       |       |       |       |     1 |     2 |       |       ||     3
  Eat: Chunk             |     3 |    10 |    17 |    23 |    50 |    42 |    38 |    42 |    40 ||   265
       Ration            |       |       |     2 |     5 |     4 |    17 |     7 |     7 |    24 ||    66
Armor: Robe              |    41 |    20 |    24 |    11 |     8 |    45 |    12 |    12 |     3 ||   176
       Skin              |     1 |     4 |    13 |   141 |   467 |  1032 |   282 |   319 |   402 ||  2661
Dodge: Dodged            |    94 |    81 |   229 |   314 |   648 |  1006 |   385 |   368 |   397 ||  3522
       Deflected         |       |     1 |     2 |     1 |    18 |    32 |     6 |       |    22 ||    82
Block: Shield            |       |       |       |       |       |   325 |   311 |   193 |    15 ||   844
